 Dungeon Crawl Stone Soup version 0.30-a0-263-ge22c4ad894 (webtiles) character file.

Game seed: 8607919677884299148

184 quinnr the Chiller (level 5, -2/42 HPs)
             Began as a Naga Ice Elementalist on Oct 6, 2022.
             Slain by Grinder (7 damage)
             ... on level 4 of the Dungeon on Oct 13, 2022.
             The game lasted 00:08:04 (3129 turns).

quinnr the Chiller (Naga Ice Elementalist)          Turns: 3129, Time: 00:08:05

Health: -2/42      AC: 11    Str:  9 (10) XL:     5   Next: 63%
Magic:  0/8        EV:  9    Int: 21 (24) God:
Gold:   234        SH:  0    Dex: 10 (11) Spells: 1/8 levels left

rFire   + . .      SeeInvis +    s - staff of conjuration {!a}
rCold   + . .      Faith    .    (no shield)
rNeg    . . .      Spirit   .    a - +0 robe
rPois   +          Reflect  .    (no helmet)
rElec   +          Harm     .    n - +0 cloak
rCorr   +          Rampage  .    (no gloves)
Will    .....                    (no barding)
Stlth   ++........               (no amulet)
HPRegen 0.27/turn                I - +6 ring of intelligence
MPRegen 0.11/turn                (no ring)

@: mighty, ice-armoured, resistant, very slow
A: AC +1, large, see invisible, deformed body, poison resistance, slowness 2,
spit poison 1, naga tail 1
a: Spit Poison


You were on level 4 of the Dungeon.
You visited 1 branch of the dungeon, and saw 4 of its levels.

You collected 234 gold pieces.


Innate Abilities, Weirdness & Mutations

Your serpentine skin is tough. (AC +1)
You have supernaturally acute eyesight. (SInv)
Armour fits poorly on your strangely shaped body.
Your system is resistant to poisons. (rPois)
You cover ground very slowly.
You can spit poison.
You have a snake-like lower body.


   Skills:
 - Level 1.5 Dodging
 - Level 3.0 Stealth
 - Level 2.0 Spellcasting
 * Level 6.7 Ice Magic


You had one spell level left.
You knew the following spells:

 Your Spells              Type           Power      Damage    Failure   Level
f - Freeze                Ice            100%       1d10      1%          1
o - Ozocubu's Armour      Ice            30%        N/A       2%          3
r - Frozen Ramparts       Ice            60%        1d10      2%          3

Your spell library contained the following spells:

 Spells                   Type           Power      Damage    Failure   Level
 Sandblast                Erth           4%         2d4       14%         1
 Passwall                 Tmut/Erth      1%         N/A       22%         2
 Summon Ice Beast         Ice/Summ       16%        N/A       36%         4
 Call Canine Familiar     Summ           2%         N/A       41%         3
 Portal Projectile        Hex/Tloc       4%         N/A       41%         3
 Stone Arrow              Conj/Erth      6%         3d7       41%         3
 Leda's Liquefaction      Hex/Erth       1%         N/A       82%         4
 Fireball                 Conj/Fire      1%         3d3       99%         5
 Iskenderun's Battlesphe  Conj           3%         2d6       99%         5
 Conjure Ball Lightning   Conj/Air       1%         3x3d6     100%        6
 Orb of Destruction       Conj           1%         9d5       100%        7

Inventory:

Armour
 a - a +0 robe (worn)
 n - a +0 cloak (worn)
Magical Staves
 s - a staff of conjuration (weapon) {!a}
Jewellery
 I - a +6 ring of intelligence (left hand)
Scrolls
 c - 5 scrolls of identify {unknown}
 d - a scroll of fog {unknown}
 e - a scroll of acquirement {unknown}
 g - a scroll of enchant armour {unknown}
 i - a scroll of vulnerability {unknown}
 k - 2 scrolls of brand weapon {unknown}
 m - a scroll of fear {unknown}
 r - a scroll of teleportation {unknown}
Potions
 b - a potion of magic
 f - a potion of cancellation {unknown}
 h - a potion of mutation {unknown}
 j - a potion of flight {unknown}
 l - a potion of might
 p - a potion of curing {@q1}
 q - a potion of resistance

Dungeon Overview and Level Annotations

Branches:
Dungeon (4/15)
 Temple: D:4-7

Altars:

Annotations:
D:4 Grinder

.#####
#.##.........^.....#
.#
##.##..†...>........#
##
#...................#
#....#.............##
#....##.....#.....##
#....###.########## .
###..##..# .#
##..#.#### ..
##.@....# #.
##5....... ......[..
#.((...... ..........
#.##....... #.
#...#.. #. .#####


You could see Grinder (blind).


Message History

Pain shoots through your body!
* * * LOW HITPOINT WARNING * * *
Throw: 2 darts (atropa)
Press: ? - help, Q - select action, (/) - cycle Shift-Dir - straight line, f/p - Grinder
Aim: Grinder (moderately wounded, 50% to hit, chance to blind on hit: 35%)
You throw an atropa-tipped dart. The atropa-tipped dart hits Grinder.
Grinder appears confused.
Grinder is moderately wounded.
Throw: dart (atropa)
Press: ? - help, Q - select action, (/) - cycle Shift-Dir - straight line, f/p - Grinder
Aim: Grinder (moderately wounded, wandering, confused, blind, hasn't noticed you, 75% to hit, chance to blind on hit: 35%)
You throw an atropa-tipped dart. The atropa-tipped dart hits Grinder.
Grinder resists.
Grinder is moderately wounded.
Grinder seems less confused.
You aren't carrying any items that you can evoke.
Unknown command.
It was a potion of degeneration.
There was something very wrong with that liquid.
You feel weakened.
You feel dopey.
You feel clumsy.
Okay, then.
Casting: Freeze (safe; 1% risk of failure)
Confirm with . or Enter, or press ? or * to list all spells.
Aiming: Freeze (safe; 1% risk of failure)
Press: ? - help, Shift-Dir - straight line, f/p - Grinder
Aim: Grinder (moderately wounded, blind)
You freeze Grinder.
Grinder resists.
Grinder is moderately wounded.
Grinder hits you!
You die...

Skill      XL: |  1  2  3  4 |
---------------+-------------+-----
Ice Magic      | 5 6 |  6.7
Dodging        | |  1.5
Stealth        | |  3.0
Spellcasting   | |  2.0

Action                   |  1- 3 |  4- 6 || total
-------------------------+-------+-------++-------
Melee: Unarmed           |    20 |     1 ||    21
       Punch             |     1 |       ||     1
       Staff             |       |     4 ||     4
Throw: Dart              |       |     3 ||     3
 Cast: Freeze            |    47 |    41 ||    88
       Frozen Ramparts   |       |     7 ||     7
       Ozocubu's Armour  |       |     2 ||     2
 Abil: Spit Poison       |       |     1 ||     1
  Use: Potion            |     1 |     4 ||     5
Armor: Robe              |    12 |     9 ||    21
Dodge: Dodged            |    28 |    20 ||    48

Levels and vault maps discovered:
D:1:      ebering_trefoil_twist, layout_basic,
          hellmonk_ecumenical_altar_run_dry, amcnicky_mini_pool_small,
          minmay_cupped
D:2:      layout_rooms
D:3:      layout_loops_ring, kennysheep_generic_room_6
D:4:      layout_rooms, serial_shops, nicolae_take_the_stairs,
          skrybe_limestone_x, uniq_eustachio, uniq_grinder, uniq_edmund

Notes
Turn   | Place    | Note
-------+----------+-------------------------------------------
     0 | D:1      | quinnr the Naga Ice Elementalist began the quest for the
                  | Orb.
     0 | D:1      | Reached XP level 1. HP: 15/15 MP: 3/3
    50 | D:1      | Found a faded altar of an unknown god.
   151 | D:1      | HP: 1/15 [dart slug (3)]
   280 | D:1      | Reached XP level 2. HP: 18/22 MP: 1/5
   637 | D:1      | Upgraded the game from 0.30-a0-219-gf2db51d15e to
                  | 0.30-a0-263-ge22c4ad894
   695 | D:1      | Reached XP level 3. HP: 6/28 MP: 1/6
   700 | D:1      | HP: 2/28 [rat (3)]
   823 | D:1      | Reached skill level 5 in Ice Magic
  1466 | D:2      | Reached XP level 4. HP: 36/36 MP: 5/7
  2154 | D:3      | Reached skill level 6 in Ice Magic
  2263 | D:3      | Learned a level 3 spell: Ozocubu's Armour
  2267 | D:3      | Learned a level 3 spell: Frozen Ramparts
  2331 | D:3      | Reached XP level 5. HP: 42/42 MP: 4/8
  3111 | D:4      | Noticed Grinder
  3123 | D:4      | Identified 2 potions of resistance
  3125 | D:4      | HP: 3/42 [Grinder/nerve-wracking pain (12)]
  3129 | D:4      | Slain by Grinder

Vanquished Creatures
  A jelly (D:3)
  A hound (D:4)
  An iguana (D:4)
  2 adders
  A worm (D:2)
  7 dart slugs
  2 orcs
  5 endoplasms
  3 giant cockroaches
  4 hobgoblins
  3 jackals (D:1)
  10 kobolds
  A quokka (D:1)
  4 ball pythons
  10 bats
  2 frilled lizards (D:3)
  3 goblins
  5 rats
65 creatures vanquished.

Table legend: (Time is in decaauts)
 A = Elapsed time spent in this place.
 B = Non-inter-level travel time spent in this place.
 C = Inter-level travel time spent in this place.
 D = Time resting spent in this place.
 E = Time spent auto-exploring this place.
 F = Levels seen in this place.
 G = Mean time per level.
                   A        B        C        D        E       F      G
               +--------+--------+--------+--------+--------+-----+--------+
         Total |   3836 |   3722 |    114 |    185 |   2972 |   4 |  959.0 |
       Dungeon |   3836 |   3722 |    114 |    185 |   2972 |   4 |  959.0 |
               +--------+--------+--------+--------+--------+-----+--------+

Top non-repeatable levels by time:
     D:3: 1498 daAuts
     D:1: 1168 daAuts
     D:2: 907 daAuts
     D:4: 261 daAuts

Table legend:
 A = Non-vault XP
 B = Vault XP
 C = Vault XP percentage of total XP
 D = Non-vault monster count
 E = Vault monster count
 F = Vault count percentage of total count
                 A         B        C        D         E       F
            +---------+---------+-------+---------+---------+-------
      Total |     247 |      16 |   6.1 |      59 |       6 |   9.2
            +---------+---------+-------+---------+---------+-------
        D:1 |      29 |      10 |  25.6 |      18 |       3 |  14.3
        D:2 |      48 |       0 |   0.0 |      16 |       0 |   0.0
        D:3 |      81 |       6 |   6.9 |      17 |       3 |  15.0
        D:4 |      89 |       0 |   0.0 |       8 |       0 |   0.0
            +---------+---------+-------+---------+---------+-------
